BSA
SEATTLE PIKES @ MADISON BOMBERS
04/27/2024
 
TOP OF THE 1ST
Seattle Pikes batting - Pitching for Madison Bombers : RHP José Lara
Pitching: RHP José Lara
Batting: LHB Bruno Lalonde 0-0: Bunt for hit - play at first, batter OUT! 1-3
Batting: RHB Manuel Rico 0-0: Swinging Strike
0-1: Ball
1-1: Called Strike
1-2: Foul Ball, location: 2F
1-2: Ball
2-2: Ball
3-2: Fly out, F9 (Flyball, 89M)
Batting: LHB Luka Lagerweij 0-0: Called Strike
0-1: Called Strike
0-2: Foul Ball, location: 2F
0-2: Ball
1-2: Strikes out swinging
Top of the 1st over - 0 run(s), 0 hit(s), 0 error(s), 0 left on base; Seattle 0 - Madison 0
BOTTOM OF THE 1ST
Madison Bombers batting - Pitching for Seattle Pikes : LHP Albert Lebel
Pitching: LHP Albert Lebel
Batting: LHB Keith Tillman 0-0: Called Strike
0-1: Ball
1-1: Ball
2-1: Ball
3-1: Called Strike
3-2: Fly out, F6 (Popup, 5)
Batting: RHB Sergio Márquez 0-0: Foul Ball, location: 2F
0-1: Called Strike
0-2: Foul Ball, location: 2F
0-2: Ball
1-2: Strikes out swinging
Batting: LHB Seung-chun Mun 0-0: Foul Ball, location: 2F
0-1: Ball
1-1: Ball
2-1: Swinging Strike
2-2: Strikes out looking
Bottom of the 1st over - 0 run(s), 0 hit(s), 0 error(s), 0 left on base; Seattle 0 - Madison 0
TOP OF THE 2ND
Seattle Pikes batting - Pitching for Madison Bombers : RHP José Lara
Batting: RHB António Ortega 0-0: Ball
1-0: Called Strike
1-1: Ball
2-1: Swinging Strike
2-2: Fly out, F3 (Popup, 3D)
Batting: RHB John Anderson 0-0: Called Strike
0-1: SINGLE (Flyball, 7S)
Batting: LHB Chad Weaver 0-0: Called Strike
0-1: Ball
1-1: Ball
2-1: Foul Ball, location: 2F
2-2: Strikes out swinging
Batting: SHB Jong-min Kim 0-0: Called Strike
0-1: Swinging Strike
0-2: Strikes out swinging
Top of the 2nd over - 0 run(s), 1 hit(s), 0 error(s), 1 left on base; Seattle 0 - Madison 0
BOTTOM OF THE 2ND
Madison Bombers batting - Pitching for Seattle Pikes : LHP Albert Lebel
Batting: LHB Sixto Cantú 0-0: Ball
1-0: Foul Ball, location: 2F
1-1: SOLO HOME RUN (Line Drive, 78XD), Distance : 395 ft
Batting: SHB Michael McDonald 0-0: Ball
1-0: Ground out 6-3 (Groundball, 6M)
Batting: LHB José Santos 0-0: Ball
1-0: Ball
2-0: Ball
3-0: Called Strike
3-1: Base on Balls
Batting: SHB Derek Roach 0-0: Called Strike
0-1: DOUBLE (Line Drive, 78M)
José Santos to third
Batting: LHB Robin Hill 0-0: Called Strike
0-1: Ball
1-1: Fly out, F8 (Flyball, 8RM)
Runner from 3rd tags up, SCORES, throw made
Batting: RHB Edward Franks 0-0: Swinging Strike
0-1: Ball
1-1: Foul Ball, location: 2F
1-2: Ball
2-2: Strikes out looking
Bottom of the 2nd over - 2 run(s), 2 hit(s), 0 error(s), 1 left on base; Seattle 0 - Madison 2
TOP OF THE 3RD
Seattle Pikes batting - Pitching for Madison Bombers : RHP José Lara
Batting: RHB George Howard 0-0: Fly out, F6 (Popup, 6MS)
Batting: RHB Naomi Kitamura 0-0: SINGLE (Groundball, 5L)
Batting: LHB Bruno Lalonde 0-0: Called Strike
0-1: Ball
1-1: Called Strike
1-2: Ball
2-2: Ball
Wild Pitch!
Naomi Kitamura to second
3-2: Ground out 6-3 (Groundball, 6)
Naomi Kitamura to third
Batting: RHB Manuel Rico 0-0: Ball
1-0: Called Strike
1-1: Swinging Strike
1-2: Fly out, F6 (Line Drive, 6)
Top of the 3rd over - 0 run(s), 1 hit(s), 0 error(s), 1 left on base; Seattle 0 - Madison 2
BOTTOM OF THE 3RD
Madison Bombers batting - Pitching for Seattle Pikes : LHP Albert Lebel
Batting: LHB Keith Tillman 0-0: Fly out, F7 (Flyball, 7S)
Batting: RHB Sergio Márquez 0-0: Foul Ball, location: 2F
0-1: Swinging Strike
0-2: Foul Ball, location: 2F
0-2: Ball
1-2: Ball
2-2: Ball
3-2: Strikes out swinging
Batting: LHB Seung-chun Mun 0-0: SOLO HOME RUN (Flyball, 89XD), Distance : 394 ft
Batting: LHB Sixto Cantú 0-0: Ball
1-0: SOLO HOME RUN (Flyball, 9D), Distance : 360 ft
Batting: SHB Michael McDonald 0-0: Called Strike
0-1: Fly out, F9 (Flyball, 89M)
Bottom of the 3rd over - 2 run(s), 2 hit(s), 0 error(s), 0 left on base; Seattle 0 - Madison 4
TOP OF THE 4TH
Seattle Pikes batting - Pitching for Madison Bombers : RHP José Lara
Batting: LHB Luka Lagerweij 0-0: Called Strike
0-1: Called Strike
0-2: Strikes out swinging
Batting: RHB António Ortega 0-0: Called Strike
0-1: Ball
1-1: Foul Ball, location: 2F
1-2: Ground out 5-3 (Groundball, 5L)
Batting: RHB John Anderson 0-0: Ball
1-0: Called Strike
1-1: Ground out 4-3 (Groundball, 4)
Top of the 4th over - 0 run(s), 0 hit(s), 0 error(s), 0 left on base; Seattle 0 - Madison 4
BOTTOM OF THE 4TH
Madison Bombers batting - Pitching for Seattle Pikes : LHP Albert Lebel
Batting: LHB José Santos 0-0: Ball
1-0: Ball
2-0: Called Strike
2-1: Foul Ball, location: 2F
2-2: Strikes out swinging
Batting: SHB Derek Roach 0-0: Ball
1-0: Called Strike
1-1: Ball
2-1: Ground out 5-3 (Groundball, 56)
Batting: LHB Robin Hill 0-0: Called Strike
0-1: Called Strike
0-2: Ball
1-2: Foul Ball, location: 2F
1-2: Fly out, F6 (Popup, 6D)
Bottom of the 4th over - 0 run(s), 0 hit(s), 0 error(s), 0 left on base; Seattle 0 - Madison 4
TOP OF THE 5TH
Seattle Pikes batting - Pitching for Madison Bombers : RHP José Lara
Batting: LHB Chad Weaver 0-0: Called Strike
0-1: Ball
1-1: Ball
2-1: Ball
3-1: Called Strike
3-2: Strikes out swinging
Batting: SHB Jong-min Kim 0-0: Ball
1-0: Called Strike
1-1: Ground out 1-3 (Groundball, 13S)
Batting: RHB George Howard 0-0: Ball
1-0: Ball
2-0: Called Strike
2-1: Foul Ball, location: 2F
2-2: Ball
3-2: Base on Balls
Batting: RHB Naomi Kitamura 0-0: Foul Ball, location: 2F
0-1: Foul Ball, location: 2F
0-2: Ground out 6-3 (Groundball, 6)
Top of the 5th over - 0 run(s), 0 hit(s), 0 error(s), 1 left on base; Seattle 0 - Madison 4
BOTTOM OF THE 5TH
Madison Bombers batting - Pitching for Seattle Pikes : LHP Albert Lebel
Batting: RHB Edward Franks 0-0: Ball
1-0: Called Strike
1-1: Foul Ball, location: 2F
1-2: Ball
2-2: Fly out, F9 (Line Drive, 9M)
Batting: LHB Keith Tillman 0-0: Foul Ball, location: 2F
0-1: Ball
1-1: Ball
2-1: Fly out, F4 (Line Drive, 4M)
Batting: RHB Sergio Márquez 0-0: Called Strike
0-1: Called Strike
0-2: Strikes out looking
Bottom of the 5th over - 0 run(s), 0 hit(s), 0 error(s), 0 left on base; Seattle 0 - Madison 4
TOP OF THE 6TH
Seattle Pikes batting - Pitching for Madison Bombers : RHP José Lara
Batting: LHB Bruno Lalonde 0-0: Called Strike
0-1: Foul Ball, location: 2F
0-2: Strikes out looking
Batting: RHB Manuel Rico 0-0: Ball
1-0: Foul Ball, location: 2F
1-1: Ball
2-1: Fly out, F9 (Flyball, 9M)
Batting: LHB Luka Lagerweij 0-0: Ball
1-0: SOLO HOME RUN (Flyball, 9D), Distance : 360 ft
Batting: RHB António Ortega 0-0: Ball
1-0: Called Strike
1-1: Ball
2-1: Foul Ball, location: 2F
2-2: Foul Ball, location: 2F
2-2: Foul Ball, location: 2F
2-2: Foul Ball, location: 2F
2-2: Strikes out swinging
Top of the 6th over - 1 run(s), 1 hit(s), 0 error(s), 0 left on base; Seattle 1 - Madison 4
BOTTOM OF THE 6TH
Madison Bombers batting - Pitching for Seattle Pikes : LHP Albert Lebel
Batting: LHB Seung-chun Mun 0-0: Ball
1-0: DOUBLE (Line Drive, 9LM)
Batting: LHB Sixto Cantú 0-0: Called Strike
0-1: Ball
1-1: Ball
2-1: Fly out, F3 (Line Drive, 3)
Pitching: LHP John Whitaker
Batting: SHB Michael McDonald 0-0: Ground out 4-3 (Groundball, 4M)
Seung-chun Mun to third
Batting: LHB José Santos 0-0: Called Strike
0-1: Called Strike
0-2: Foul Ball, location: 2F
0-2: Foul Ball, location: 2F
0-2: TRIPLE (Line Drive, 8RXD)
Seung-chun Mun scores
Batting: SHB Derek Roach 0-0: Foul Ball, location: 2F
0-1: Fly out, F9 (Line Drive, 9S)
Bottom of the 6th over - 1 run(s), 2 hit(s), 0 error(s), 1 left on base; Seattle 1 - Madison 5
TOP OF THE 7TH
Seattle Pikes batting - Pitching for Madison Bombers : RHP José Lara
Batting: RHB John Anderson 0-0: Called Strike
0-1: Swinging Strike
0-2: Strikes out swinging
Batting: LHB Chad Weaver 0-0: Called Strike
0-1: Called Strike
0-2: Ball
1-2: Ground out 4-3 (Groundball, 4M)
Batting: SHB Jong-min Kim 0-0: Ball
1-0: Called Strike
1-1: Ball
2-1: Ball
3-1: Called Strike
3-2: Fly out, F7 (Flyball, 7S)
Top of the 7th over - 0 run(s), 0 hit(s), 0 error(s), 0 left on base; Seattle 1 - Madison 5
BOTTOM OF THE 7TH
Madison Bombers batting - Pitching for Seattle Pikes : LHP John Whitaker
Batting: LHB Robin Hill 0-0: Swinging Strike
0-1: Called Strike
0-2: SINGLE (Groundball, 5D)
Batting: RHB Edward Franks 0-0: Ball
1-0: Called Strike
1-1: Called Strike
1-2: Strikes out swinging
Batting: LHB Keith Tillman 0-0: Ball
Robin Hill steals 2nd base
1-0: Called Strike
1-1: Called Strike
1-2: Fly out, F9 (Flyball, 9M)
Batting: RHB Sergio Márquez 0-0: Ball
1-0: SINGLE (Groundball, 56D)
Robin Hill to third
Runner from 3rd tries for Home, SAFE, no throw or cutoff
Batting: LHB Seung-chun Mun 0-0: Ball
1-0: Ball
2-0: Called Strike
2-1: Foul Ball, location: 2F
2-2: Strikes out looking
Bottom of the 7th over - 1 run(s), 2 hit(s), 0 error(s), 1 left on base; Seattle 1 - Madison 6
TOP OF THE 8TH
Seattle Pikes batting - Pitching for Madison Bombers : RHP José Lara
Batting: RHB George Howard 0-0: Called Strike
0-1: Ball
1-1: Swinging Strike
1-2: Ball
2-2: Ball
3-2: Fly out, F3 (Popup, 3F)
Batting: RHB Naomi Kitamura 0-0: Ball
1-0: Called Strike
1-1: Ball
2-1: Called Strike
2-2: SOLO HOME RUN (Flyball, 7LD), Distance : 355 ft
Batting: LHB Bruno Lalonde 0-0: Ball
1-0: Foul Ball, location: 2F
1-1: Ball
2-1: SINGLE (Groundball, 3D)
Pitching: RHP Alonso Gallardo
Batting: RHB Manuel Rico 0-0: Ball
1-0: Foul Ball, location: 2F
1-1: Swinging Strike
1-2: Ball
2-2: Grounds into double play, 5-4-3 (Groundball, 56)
Top of the 8th over - 1 run(s), 2 hit(s), 0 error(s), 0 left on base; Seattle 2 - Madison 6
BOTTOM OF THE 8TH
Madison Bombers batting - Pitching for Seattle Pikes : LHP John Whitaker
Batting: LHB Sixto Cantú 0-0: Ball
1-0: Fly out, F8 (Flyball, 8RD)
Pitching: LHP Joey Smith
Batting: SHB Michael McDonald 0-0: Ball
1-0: Foul Ball, location: 2F
1-1: Ground out 5-3 (Groundball, 56S)
Batting: LHB José Santos 0-0: Ball
1-0: Swinging Strike
1-1: Foul Ball, location: 2F
1-2: Foul Ball, location: 2F
1-2: Strikes out looking
Bottom of the 8th over - 0 run(s), 0 hit(s), 0 error(s), 0 left on base; Seattle 2 - Madison 6
TOP OF THE 9TH
Seattle Pikes batting - Pitching for Madison Bombers : RHP Alonso Gallardo
Batting: LHB Luka Lagerweij 0-0: Ball
1-0: Foul Ball, location: 2F
1-1: Swinging Strike
1-2: Foul Ball, location: 2F
1-2: Foul Ball, location: 2F
1-2: SINGLE (Groundball, 6)
Batting: RHB António Ortega 0-0: Ball
1-0: Foul Ball, location: 2F
1-1: Ball
2-1: Grounds into double play, 5-4-3 (Groundball, 56)
Batting: RHB John Anderson 0-0: Foul Ball, location: 2F
0-1: Ball
1-1: Ball
2-1: Foul Ball, location: 2F
2-2: Ball
3-2: Base on Balls
Batting: LHB Chad Weaver 0-0: Ball
1-0: Ground out 3-1 (Groundball, 34S)
Top of the 9th over - 0 run(s), 1 hit(s), 0 error(s), 1 left on base; Seattle 2 - Madison 6
This league is powered by Out of the Park Baseball, the baseball management simulation game for PC, Mac and Linux
Saturday, April 9th, 2016 - OOTP Baseball 16.8 Build 38